 Dungeon Crawl Stone Soup version 0.21-a0-528-gf531e82 (webtiles) character file.

72 Firecrotchwizard the Covered (level 4, -10/32 HPs)
             Began as a Gnoll Wanderer on Dec 8, 2017.
             Killed from afar by Ijyb (17 damage)
             ... with a wand of acid (8)
             ... on level 2 of the Dungeon.
             The game lasted 00:06:33 (3086 turns).

Firecrotchwizard the Covered (Gnoll Wanderer)       Turns: 3086, Time: 00:06:33

Health: -10/32     AC:  9    Str: 11    XL:     4   Next: 26%
Magic:  8/8        EV:  9    Int: 15    God:
Gold:   142        SH:  0    Dex: 18    Spells: 8/8 levels left

rFire    . . .     SeeInvis .   q - +0 quarterstaff
rCold    . . .     Gourm    .   (shield currently unavailable)
rNeg     . . .     Faith    .   a - +2 scale mail
rPois    .         Spirit   .   (no helmet)
rElec    .         Reflect  .   (no cloak)
rCorr    .         Harm     .   (no gloves)
MR       .....                  (no boots)
Stlth    +.........             (no amulet)
HPRegen  0.10/turn              (no ring)
MPRegen  0.11/turn              (no ring)

@: no status effects
A: distributed training, fangs 1, strong nose
a: no special abilities


You were on level 2 of the Dungeon.
You were not hungry.

You visited 1 branch of the dungeon, and saw 3 of its levels.

You collected 142 gold pieces.

Inventory:

Hand Weapons
 d - a +0 dagger
 q - a +0 quarterstaff (weapon)
   (You found it on level 3 of the Dungeon)
Missiles
 r - 2 tomahawks (quivered)
Armour
 a - a +2 scale mail (worn)
 e - a +0 chain mail
   (You found it on level 1 of the Dungeon)
Jewellery
 o - an uncursed ring of fire {rF+, rC-}
   (You found it on level 2 of the Dungeon)
Scrolls
 b - 4 scrolls of teleportation
 h - a scroll of amnesia {unknown}
 i - 4 scrolls of identify {unknown}
 k - 2 scrolls of remove curse {unknown}
 l - a scroll of random uselessness {unknown}
 n - a scroll of immolation {unknown}
 s - a scroll of enchant armour {unknown}
Potions
 j - a potion of ambrosia {unknown}
 p - 2 potions of might {unknown}
Comestibles
 f - 2 bread rations {@e1}
 g - a meat ration {@e2}


   Skills:
 + Level 1.0 Fighting
 + Level 1.0 Short Blades
 + Level 1.0 Long Blades
 + Level 1.0 Axes
 + Level 1.0 Maces & Flails
 + Level 1.0 Polearms
 + Level 1.0 Staves
 + Level 1.0 Slings
 + Level 4.6 Bows
 + Level 1.0 Crossbows
 + Level 2.7 Throwing
 + Level 6.6 Armour
 + Level 1.0 Dodging
 + Level 1.0 Stealth
 + Level 2.7 Shields
 + Level 1.0 Unarmed Combat
 + Level 2.9 Spellcasting
 + Level 0.8 Conjurations
 + Level 0.8 Hexes
 + Level 0.8 Charms
 + Level 3.8 Summonings
 + Level 0.8 Necromancy
 + Level 0.8 Translocations
 + Level 0.8 Transmutations
 + Level 0.8 Fire Magic
 + Level 0.8 Ice Magic
 + Level 0.8 Air Magic
 + Level 0.8 Earth Magic
 + Level 0.8 Poison Magic
 + Level 1.1 Invocations
 + Level 1.0 Evocations


You had 8 spell levels left.
You didn't know any spells.

Dungeon Overview and Level Annotations

Branches:
Dungeon (3/15)

Altars:
Fedhas
Nemelex Xobeh
Ru
Sif Muna
Xom

Annotations:
D:2 Ijyb


Innate Abilities, Weirdness & Mutations

Your experience applies equally to all skills.
You have very sharp teeth.
Your uncanny sense of smell can sniff out nearby items.


Message History

You hit the rat.
You kill the rat!
You feel sick.
Things that are here:
a club; an adder corpse You take 1 damage, and have 23/32 hp.
You start resting.
You feel sick. x3
You are no longer poisoned.
You take 2 damage, and have 21/32 hp.
You butcher the adder corpse.
q - 3 chunks of flesh {@w0} (gained 1)
You see here a club.
There isn't anything to butcher here.
You start resting.
Health restored: 32
r - 2 tomahawks (gained 1)
You butcher the goblin corpse.
q - 4 chunks of flesh {@w0} (gained 1)
i - 4 scrolls labeled SUESTR SUUFU (gained 1)
Found a stone staircase leading up.
Some of the chunks of flesh in your inventory have rotted away.
An adder comes into view.
The adder hisses angrily.
The adder moves out of view.
You miss the adder. The adder closely misses you.
You barely miss the adder. The adder bites you but does no damage.
You hit the adder. You bite the adder, but do no damage. The adder bites you.
You are poisoned.
The adder poisons you! The adder bites you but does no damage.
You take 1 damage, and have 31/32 hp.
You hit the adder. You bite the adder, but do no damage.
You feel sick. The adder closely misses you.
You take 1 damage, and have 30/32 hp.
You hit the adder but do no damage. The adder bites you.
You hit the adder.
You feel sick. The adder barely misses you.
You take 1 damage, and have 29/32 hp.
You hit the adder.
You kill the adder!
You start resting.
You feel sick. x6
You are no longer poisoned.
You take 4 damage, and have 25/32 hp.
You start resting.
Some of the chunks of flesh in your inventory have rotted away.
All of the chunks of flesh in your inventory have rotted away.
Health restored: 32 You feel more attuned to fire.
o - a ring of fire (left hand)
You remove your ring of fire {rF+, rC-}.
Ijyb the Twisted Goblin comes into view.
She is wielding a club.
Ijyb shouts!
You are feeling hungry.
Ijyb zaps a wand.
The bolt of acid misses you.
It is a wand of acid (10).
You see here a quarterstaff.
q - a quarterstaff
There is a stone staircase leading up here.
Ijyb zaps a wand.
The bolt of acid hits you!
You are splashed with acid!
The acid burns!
You climb upwards.
There is a stone staircase leading down here.
You take 21 damage, and have 11/32 hp.
MASSIVE DAMAGE!!
q - a +0 quarterstaff (weapon)
Unknown command.
You start resting.
You are feeling very hungry.
You regained 17 hp, and now have 28/32 hp.
You may need something to eat soon, looking for food.
Can't find anything matching that.
Sorry, you're not good enough to have a special ability.
Done exploring.
Done exploring.
You eat the royal jelly.
That royal jelly was delicious!
Done exploring.
Done exploring.
(D) Dungeon
Where to? (Enter - D:3, ? - help)
You climb downwards.
Level annotation: Ijyb Ijyb hits you but does no damage.
There is a stone staircase leading up here.
You completely miss Ijyb. Ijyb hits you but does no damage.
You barely miss Ijyb. Ijyb closely misses you.
You barely miss Ijyb. Ijyb completely misses you.
You barely miss Ijyb. Ijyb hits you but does no damage.
You hit Ijyb but do no damage.
Ijyb zaps a wand.
The bolt of acid hits you!
You are splashed with acid!
The acid burns!
* * * LOW HITPOINT WARNING * * *
You take 27 damage, and have 2/32 hp.
MASSIVE DAMAGE!!
Ijyb closely misses you.
You climb upwards.
There is a stone staircase leading down here.
You feel better.
Ijyb zaps a wand.
The bolt of acid hits you!
Ouch! That really hurt!
You die...

.####.......# #...)...#.....
#.#########.########.##.####.###.
........................####.# #.
#.##.........................###.
.###.######.########.#..##.......
## #.# #.# #.#..##.#####. # #.#
#.# #.#..##.#####. #
#.######.###### #.#........... #
#............@###....##>#####.
#..######.###g#......[..## #.
####..######.# #...._..[_...# #.
...........#.# #............## #.
#.##.#####.#.# #......⌠......# #.
#.##.# #.#.###...........#.###.
#.##.# ##....###..._..._..#.#...
#.##.####......##..........#.#...
.<..............#.......##.#.#<.>


You could see Ijyb.

Vanquished Creatures
  2 adders (D:3)
  2 worms (D:2)
  2 dart slugs
  2 leopard geckos (D:1)
  3 ball pythons
  2 giant cockroaches (D:2)
  7 goblins
  4 hobgoblins
  5 kobolds
  A quokka (D:2)
  6 bats
  A frilled lizard (D:2)
  4 rats
41 creatures vanquished.

Notes
Turn   | Place    | Note
-------+----------+-------------------------------------------
     0 | D:1      | Firecrotchwizard the Gnoll Wanderer began the quest for the Orb.
     0 | D:1      | Firecrotchwizard set off with: a +2 scale mail, a scroll of teleportation, a potion of curing, a +0 dagger, a bread ration {@e1}
     0 | D:1      | Reached XP level 1. HP: 13/13 MP: 4/4
     3 | D:1      | Noticed an electric eel
     3 | D:1      | Noticed an electric eel
   140 | D:1      | Found a blossoming altar of Fedhas.
   200 | D:1      | Reached XP level 2. HP: 17/19 MP: 5/5
   911 | D:1      | Found a glowing silver altar of Zin.
   911 | D:1      | Found a shimmering altar of Xom.
   913 | D:1      | Found an iron altar of Okawaru.
   913 | D:1      | Found a hazy altar of Hepliaklqana.
   913 | D:1      | Found a glowing golden altar of the Shining One.
   970 | D:2      | Reached XP level 3. HP: 21/25 MP: 7/7
  1162 | D:2      | Found a sacrificial altar of Ru.
  1164 | D:2      | Found a sparkling altar of Nemelex Xobeh.
  1166 | D:2      | Found a deep blue altar of Sif Muna.
  1166 | D:2      | Found a blossoming altar of Fedhas.
  1282 | D:2      | HP: 6/25 [worm (8)]
  1284 | D:2      | HP: 1/25 [worm (6)]
  1645 | D:2      | HP: 5/25 [worm (3)]
  1898 | D:2      | Reached skill level 1 in Invocations
  2619 | D:3      | Reached skill level 1 in Fighting
  2619 | D:3      | Reached skill level 1 in Short Blades
  2619 | D:3      | Reached skill level 1 in Long Blades
  2619 | D:3      | Reached skill level 1 in Axes
  2619 | D:3      | Reached skill level 1 in Maces & Flails
  2619 | D:3      | Reached skill level 1 in Polearms
  2619 | D:3      | Reached skill level 1 in Staves
  2619 | D:3      | Reached skill level 1 in Slings
  2619 | D:3      | Reached skill level 1 in Crossbows
  2619 | D:3      | Reached skill level 1 in Dodging
  2619 | D:3      | Reached skill level 1 in Stealth
  2619 | D:3      | Reached skill level 1 in Unarmed Combat
  2619 | D:3      | Reached skill level 1 in Evocations
  2626 | D:3      | Reached XP level 4. HP: 24/32 MP: 8/8
  2893 | D:3      | Noticed Ijyb
  3083 | D:3      | HP: 2/32 [acid (14)]
  3086 | D:2      | Killed from afar by Ijyb

Vault maps used:
D:1:      arrival_aquarium_b, minmay_curled_crystal, kennysheep_another_room,
          doesnt_xom_only_xom
D:2:      grunt_temple_overflow_open, first_bread
D:3:      good_gods_temple_1, uniq_ijyb

Skill      XL: |  1  2  3 |
---------------+----------+-----
Invocations    | 1 |  1.1
Fighting       | 1 |  1.0
Short Blades   | 1 |  1.0
Long Blades    | 1 |  1.0
Axes           | 1 |  1.0
Maces & Flails | 1 |  1.0
Polearms       | 1 |  1.0
Staves         | 1 |  1.0
Slings         | 1 |  1.0
Crossbows      | 1 |  1.0
Dodging        | 1 |  1.0
Stealth        | 1 |  1.0
Unarmed Combat | 1 |  1.0
Evocations     | 1 |  1.0
Bows           | |  4.6
Throwing       | |  2.7
Armour         | |  6.6
Shields        | |  2.7
Spellcasting   | |  2.9
Conjurations   | |  0.8
Hexes          | |  0.8
Charms         | |  0.8
Summonings     | |  3.8
Necromancy     | |  0.8
Translocations | |  0.8
Transmutations | |  0.8
Fire Magic     | |  0.8
Ice Magic      | |  0.8
Air Magic      | |  0.8
Earth Magic    | |  0.8
Poison Magic   | |  0.8

Action                   |  1- 3 |  4- 6 || total
-------------------------+-------+-------++-------
Melee: Dagger            |   231 |    11 ||   242
       Bite              |    27 |     2 ||    29
       Punch             |     2 |       ||     2
       Quarterstaff      |       |     5 ||     5
Throw: Tomahawk          |     5 |       ||     5
  Use: Potion            |       |     1 ||     1
  Eat: Chunk             |     6 |       ||     6
       Royal jelly       |       |     1 ||     1
Armor: Scale mail        |   114 |     6 ||   120
Dodge: Dodged            |   120 |     8 ||   128

Table legend:
 A = Spawn XP
 B = Non-spawn XP
 C = Spawn XP percentage of total XP
 D = Spawn monster count
 E = Non-spawn monster count
 F = Spawn count percentage of total count
 G = Total turns spent on level
                    A         B        C        D         E        F      G
               +---------+---------+-------+---------+---------+-------+---------
         Total |       0 |     104 |   0.0 |       0 |      41 |   0.0 |  3086
               +---------+---------+-------+---------+---------+-------+---------
           D:1 |       0 |      31 |   0.0 |       0 |      16 |   0.0 |  1018
           D:2 |       0 |      37 |   0.0 |       0 |      18 |   0.0 |  1687
           D:3 |       0 |      36 |   0.0 |       0 |       7 |   0.0 |   381
               +---------+---------+-------+---------+---------+-------+---------

Vault maps used:
D:1:      arrival_aquarium_b, minmay_curled_crystal, kennysheep_another_room,
          doesnt_xom_only_xom
D:2:      grunt_temple_overflow_open, first_bread
D:3:      good_gods_temple_1, uniq_ijyb

Table legend:
 A = Turns spent in this place as a percentage of turns spent in the entire game.
 B = Non-inter-level travel turns spent in this place as a percentage of non-inter-level travel turns spent in the entire game.
 C = Inter-level travel turns spent in this place as a percentage of turns spent in this place.
 D = Turns resting spent in this place as a percentage of non-inter-level travel turns spent in this place.
 E = Turns spent auto-exploring this place as a percentage of non-inter-level travel turns spent in this place.
 F = Non-inter-level travel turns spent in this place divided by the number of levels of this place that you've seen.
                   A       B       C       D       E      F
               +-------+-------+-------+-------+-------+----------------------
         Total | 100.0 | 100.0 |   3.0 |  43.3 |  36.3 | 997.3
       Dungeon | 100.0 | 100.0 |   3.0 |  43.3 |  36.3 | 997.3
               +-------+-------+-------+-------+-------+----------------------

Table legend:
 A = Kills in this place as a percentage of kills in entire the game.
 B = Kills by you in this place as a percentage of kills by you in the entire game.
 C = Kills by friends in this place as a percentage of kills by friends in the entire game.
 D = Other kills in this place as a percentage of other kills in the entire game.
 E = Experience gained in this place as a percentage of experience gained in the entire game.
 F = Experience gained in this place divided by the number of levels of this place that you have seen.
                   A       B       C       D       E      F
               +-------+-------+-------+-------+-------+----------------------
         Total | 100.0 | 100.0 |   N/A |   N/A | 100.0 |  34.7
       Dungeon | 100.0 | 100.0 |   N/A |   N/A | 100.0 |  34.7
               +-------+-------+-------+-------+-------+----------------------
